 Dungeon Crawl Stone Soup version 0.27.1-34-g3ba077fa99 (webtiles) character file.

Game seed: 16127516192903455363

312 cbfl8 the Chopper (level 6, -1/53 HPs)
             Began as a Minotaur Monk on Jan 18, 2022.
             Slain by a gnoll (6 damage)
             ... on level 4 of the Dungeon.
             The game lasted 00:09:33 (3808 turns).

cbfl8 the Chopper (Minotaur Monk)                   Turns: 3808, Time: 00:09:34

Health: -1/53      AC:  5    Str: 17    XL:     6   Next: 18%
Magic:  5/5        EV:  6    Int:  8    God:
Gold:   138        SH:  0    Dex: 12    Spells: 5/5 levels left

rFire    . . .     SeeInvis .   a - +0 hand axe
rCold    . . .     Faith    .   (no shield)
rNeg     . . .     Spirit   .   i - +0 ring mail
rPois    .         Reflect  .   (helmet restricted)
rElec    .         Harm     .   (no cloak)
rCorr    .         Rampage  .   (no gloves)
Will     +....                  (no boots)
Stlth    +.........             (no amulet)
HPRegen  0.17/turn              d - ring of willpower
MPRegen  0.09/turn              (no ring)

@: held, studying Staves
A: horns 2, retaliatory headbutt
a: no special abilities


You were on level 4 of the Dungeon.
You visited 1 branch of the dungeon, and saw 4 of its levels.

You collected 138 gold pieces.

Inventory:

Hand Weapons
 a - a +0 hand axe (weapon)
Armour
 b - a +0 robe
 i - a +0 ring mail (worn)
Jewellery
 d - a ring of willpower (left hand)
Wands
 h - a wand of acid (17)
 m - a wand of iceblast (6)
Scrolls
 q - a scroll of fog {unknown}
Potions
 f - a potion of brilliance
 g - a potion of curing {unknown}
 j - a potion of mutation {unknown}
 l - a potion of ambrosia {unknown}
 p - 4 potions of lignification {unknown}


   Skills:
 + Level 4.7 Fighting
 + Level 5.6 Axes
 + Level 3.3 Armour
 + Level 4.5 Dodging
 + Level 2.2 Stealth


You had 5 spell levels left.
You didn't know any spells.
Your spell library was empty.

Dungeon Overview and Level Annotations

Branches:
Dungeon (4/15)
 Temple: D:4-7

Altars:
Ashenzari
Cheibriados

Shops:
D:1 (   D:3 *


Innate Abilities, Weirdness & Mutations

You have a pair of horns on your head.
You reflexively headbutt those who attack you in melee.


Message History

The gnoll completely misses you. The gnoll barely misses you.
You furiously retaliate!
You headbutt the gnoll, but do no damage.
The gnoll closely misses you. x2; You furiously retaliate!
You headbutt the gnoll, but do no damage.
There is an open door here.
You hit the gnoll but do no damage. You headbutt the gnoll!
The gnoll is severely wounded.
You closely miss the gnoll. You hit the gnoll.
The gnoll hits you with a +0 club. The gnoll barely misses you.
The gnoll closely misses you. The gnoll barely misses you.
The gnoll closely misses you. The gnoll completely misses you.
Things that are here:
a +3 leather armour; a +0 whip; a gnoll corpse The gnoll barely misses you.
The gnoll hits you but does no damage. The gnoll hits you with a +0 spear.
There is an open door, spattered with blood here.
You barely miss the gnoll.
The gnoll is severely wounded.
You hit the gnoll. You hit the gnoll but do no damage.
The gnoll hits you with a +0 club. The gnoll completely misses you.
You furiously retaliate!
You headbutt the gnoll.
You kill the gnoll!
The gnoll barely misses you.
Your hearing returns.
The gnoll hits you from afar with a +0 spear.
* * * LOW HITPOINT WARNING * * *
You see here a +0 halberd.
The gnoll completely misses you.
The gnoll hits you from afar with a +0 spear.
* * * LOW HITPOINT WARNING * * *
The gnoll throws a throwing net.
The throwing net hits you.
You become entangled in the net!
You see here a throwing net.
You struggle against the net.
The gnoll hits you with a +0 club.
* * * LOW HITPOINT WARNING * * *
The gnoll barely misses you.
You tear a large gash into the net.
The gnoll hits you with a +0 club.
You die...

##......########......## #...##.
#................##....# #..#.#.
#...............#####..###.#.#.#
##...............#####..#..#.##.
#.............###...##.......#.
##..............###..##...##.##
##...............##.##...#.#.#
#................#..##...##.#
##..........@.#####....#...#.
##.........g.#...#...####..#
#..........)g[_.#...# ##..
#........#..#...#..## ##.
...........##.#####..# ##.
#..........##....#...######ยง.
#.#.............##...........
#.#...........###..##........ .
##........###...####.....##


You could see 2 gnolls.

Vanquished Creatures
  A scorpion (D:4)
  A howler monkey (D:4)
  A hound (D:3)
  Ijyb (D:4)
  A hound skeleton (D:4)
  5 adders
  2 gnolls (D:4)
  A white imp (D:3)
  A worm (D:2)
  A dart slug (D:4)
  7 orcs
  2 ball pythons
  6 bats
  4 endoplasms
  A giant cockroach (D:1)
  A goblin (D:1)
  9 hobgoblins
  7 jackals
  4 quokkas
  2 frilled lizards
  4 kobolds
  6 rats
68 creatures vanquished.

Vanquished Creatures (others)
  6 plants
6 creatures vanquished.

Grand Total: 74 creatures vanquished

Notes
Turn   | Place    | Note
-------+----------+-------------------------------------------
     0 | D:1      | cbfl8 the Minotaur Monk began the quest for the Orb.
     0 | D:1      | Reached XP level 1. HP: 19/19 MP: 0/0
    11 | D:1      | Found Biaphun's Antique Weapon Boutique.
   230 | D:1      | Reached skill level 4 in Axes
   244 | D:1      | Reached XP level 2. HP: 23/27 MP: 1/1
  1023 | D:2      | Found a faded altar of an unknown god.
  1060 | D:2      | Reached XP level 3. HP: 23/33 MP: 2/2
  1981 | D:3      | You fall into a shaft and drop 1 floor!
  1991 | D:4      | Reached XP level 4. HP: 27/40 MP: 3/3
  2226 | D:3      | Reached skill level 1 in Armour
  2283 | D:3      | Found Carostri's Assorted Antiques.
  3307 | D:4      | Found a broken altar of Ashenzari.
  3401 | D:4      | Reached skill level 5 in Axes
  3401 | D:4      | Reached XP level 5. HP: 44/47 MP: 4/4
  3478 | D:4      | Found a snail-covered altar of Cheibriados.
  3652 | D:4      | Noticed Ijyb
  3664 | D:4      | Killed Ijyb
  3666 | D:4      | HP: 2/47 [poisoned by a scorpion]
  3669 | D:4      | Reached XP level 6. HP: 1/53 MP: 5/5
  3808 | D:4      | Slain by a gnoll

Illustrated notes

Levels and vault maps discovered:
D:1:      heliophobic_arrival_enchanted_forest, layout_basic, serial_forest,
          infiniplex_forest_zigzag_2, infiniplex_forest_pool,
          infiniplex_forest_clump_medium, infiniplex_forest_straight_1,
          infiniplex_forest_clump_medium, infiniplex_forest_lined_4_way,
          infiniplex_forest_clump_diagonal, serial_shops, shop
D:2:      layout_loops_ring, hellmonk_ecumenical_altar_lost_god
D:3:      layout_basic, serial_shops, shop
D:4:      layout_layer_cave, mainiacjoe_overflow_chevrons,
          nicolae_ashenzari_skybound, makhleb_altar_promises_db, st_stairs_4,
          minmay_manual_mess, uniq_ijyb

Skill      XL: |  1  2  3  4  5 |
---------------+----------------+-----
Axes           | 4 5 |  5.6
Fighting       | 4 |  4.7
Dodging        | 4 |  4.5
Armour         | 2 3 |  3.3
Stealth        | 2 |  2.2

Action                   |  1- 3 |  4- 6 || total
-------------------------+-------+-------++-------
Melee: Hand axe          |    98 |    80 ||   178
       Headbutt          |    27 |    12 ||    39
  Use: Scroll            |       |     4 ||     4
       Potion            |       |     3 ||     3
Armor: Robe              |     5 |       ||     5
       Ring mail         |    23 |    25 ||    48
Dodge: Dodged            |    62 |   111 ||   173
